AoeStats
← Infadel

Arabia

510409674Analyzed
1v1 RM · 1d ago on Sep 30, 2026· 37m 27s· 2 players
Game mode
Random Map
Map size
Tiny (2 player)
Population
200
Speed
Normal
Resources
Standard
Victory
Conquest
Starting age
Dark Age
Ending age
Imperial Age
RankedLock teamsTeams togetherTeam positionsShared explorationLock speedFull tech treeHidden civsTurbo modeCheats
Victory
Defeat
🇺🇸 Magyars · United States
1108
+16
🇮🇳 Mongols · India
1103
-16
Infadel
6:56 Loom
8:57 Feudal Age
8:01 Loom
15:43 Forging
15:39 Scale Barding Armor
19:28 Gold Mining
22:10 Castle Age
22:14 Fletching
22:43 Double-Bit Axe
22:39 Horse Collar
23:33 Light Cavalry
24:35 Bow Saw
25:59 Padded Archer Armor
28:33 Elite Skirmisher
32:16 Leather Archer Armor
31:56 Bodkin Arrow
32:42 Bloodlines
34:26 Wheelbarrow
34:02 Stone Mining
36:34 Hand Cart
36:04 Town Watch
37:09 Stone Shaft Mining
37:36 Heavy Plow
37:59 Chain Barding Armor
Peng
7:05 Loom
9:35 Feudal Age
10:08 Horse Collar
10:16 Double-Bit Axe
20:18 Castle Age
20:10 Gold Mining
20:39 Fletching
23:31 Light Cavalry
25:38 Bodkin Arrow
27:27 Husbandry
27:54 Padded Archer Armor
28:49 Ballistics
33:08 Scale Barding Armor
36:02 Thumb Ring
Connection lost

Rejoining the realm…

Still unreachable

The connection could not be restored.

Session expired

The server has moved on; the page needs a fresh start.